Map: Lerilak Crest

Players

Pseudorandom - Winner!

Blade

  • Race: Zerg Zerg

VOD

http://www.twitch.tv/pseudorandom63/b/647223325

Description

Time

  • Played on: April 7, 2015, 10:47 p.m.
  • Length: 2:57
Show
View Real Time Build Order
Export as new Build Order

Pseudorandom Zerg - Winner!

Build Orders: Pool Only, Zergling Baneling 

Get SALT Encoding   

  12  0:01  Drone  
  12  0:06  Extractor  
  12  0:11  Drone  
  13  0:28  Spawning Pool  
  13  0:34  Drone  
  13  0:44  Overlord  
  13  0:53  Drone  
  14  1:15  Metabolic Boost, Zergling x2  
  14  1:16  Zergling x4  
  17  1:26  Queen  
  17  1:31  Zergling x2  
  20  1:39  Baneling Nest  
  19  1:45  Zergling x2  
  20  1:55  Zergling x2  
  21  2:06  Zergling x2  
  22  2:21  Overlord  
  22  2:23  Baneling  
  22  2:24  Baneling  
  20  2:38  Zergling x2  
Show
View Real Time Build Order
Export as new Build Order

Blade Zerg 

Build Orders: Hatch First 

Get SALT Encoding   

  12  0:01  Drone  
  13  0:15  Overlord  
  13  0:20  Drone  
  14  0:33  Drone x2  
  16  0:41  Drone  
  17  0:49  Drone  
  18  1:00  Hatchery  
  18  1:02  Drone  
  18  1:10  Drone  
  19  1:18  Extractor  
  19  1:25  Drone  
  19  1:28  Spawning Pool  
  18  1:33  Overlord  
  18  1:45  Drone  
  19  2:14  Zergling x2  
  19  2:15  Zergling x4  
  22  2:17  Queen x2  
  26  2:26  Baneling Nest  
  26  2:29  Zergling x2  
  24  2:38  Zergling x2  
Tags
 
Add a new tag
Caveats
  • Supply blocks, unpowered buildings, or Contaminate may cause inaccurate times.
  • Supply counts are checked every 10 seconds.